 Dungeon Crawl Stone Soup version 0.30.1-11-g7821555f0a (webtiles) character file.

Game seed: 10743379682286158548

65 jagang the Trooper (level 4, -1/35 HPs)
             Began as a Human Monk on Dec 21, 2023.
             Slain by a gnoll
             ... wielding a +0 spear
              (3 damage)
             ... on level 2 of the Dungeon.
             The game lasted 00:01:51 (1156 turns).

jagang the Trooper (Human Monk)                     Turns: 1156, Time: 00:01:52

Health: -1/35      AC:  5    Str: 12    XL:     4   Next: 35%
Magic:  4/4        EV: 12    Int: 10    God:
Gold:   27         SH:  0    Dex: 17    Spells: 3/3 levels left

rFire   . . .        a - +0 falchion
rCold   . . .        d - orb {light}
rNeg    . . .        e - +0 leather armour
rPois   .            (no helmet)
rElec   .            (no cloak)
rCorr   .            (no gloves)
SInv    .            i - +1 pair of boots
Will    .....        (no amulet)
Stlth   +            (no ring)
HPRegen 0.25/turn    (no ring)
MPRegen 0.09/turn

%: no passive effects
@: glowing
A: no striking features
a: no special abilities


You were on level 2 of the Dungeon.
You visited 1 branch of the dungeon, and saw 2 of its levels.

You collected 81 gold pieces.
You spent 54 gold pieces at shops.

Inventory:

Hand Weapons
 a - a +0 falchion (weapon)
Armour
 d - an orb of light (worn)
 e - a +0 leather armour (worn)
 i - a +1 pair of boots (worn)
Scrolls
 b - a scroll of identify {unknown}
 f - a scroll of noise {unknown}
 h - 3 scrolls of teleportation {unknown}
 k - a scroll of amnesia {unknown}
 l - a scroll of poison {unknown}
Potions
 c - a potion of ambrosia
 g - a potion of brilliance {unknown}


   Skills:
 + Level 3.5 Fighting
 + Level 3.5 Long Blades
 * Level 2.3 Armour
 - Level 3.0 Dodging


You had 3 spell levels left.
You didn't know any spells.
Your spell library contained the following spells:

 Spells                   Type           Power      Damage    Failure   Level
 Ensorcelled Hibernation  Hex/Ice        0%         N/A       58%         2
 Passwall                 Tmut/Erth      0%         N/A       58%         2
 Swiftness                Air            0%         N/A       82%         3


Dungeon Overview and Level Annotations

Branches:
Dungeon (2/15)

Altars:

Shops:
D:2 *


Message History

The gnoll misses you. The gnoll hits you with a +0 whip.
Throw: dart (poison)
Press: ? - help, Q - select action Shift-Dir - straight line, f/p - gnoll
Aim: a gnoll, wielding a +0 whip (moderately wounded, very poisoned, haloed, 82% to hit)
You throw a poisoned dart. The poisoned dart hits the gnoll.
The gnoll looks even sicker.
The gnoll is moderately wounded.
The gnoll closely misses you. The gnoll hits you but does no damage.
You hit the gnoll but do no damage.
The gnoll is moderately wounded.
The gnoll closely misses you.
The gnoll hits you from afar with a +0 spear.
You slash the gnoll!
You kill the gnoll!
The gnoll hits you from afar with a +0 spear. x2
* * * LOW HITPOINT WARNING * * *
You have reached level 4!
You feel stronger. The gnoll hits you but does no damage. The gnoll misses you.
Things that are here:
a +0 whip; 3 poisoned darts You hit the gnoll.
The gnoll is moderately wounded.
The gnoll misses you. The gnoll barely misses you.
You hit the gnoll.
The gnoll is severely wounded.
The gnoll barely misses you. The gnoll closely misses you.
You hit the gnoll.
You kill the gnoll!
The gnoll barely misses you. The gnoll hits you with a +0 spear.
* * * LOW HITPOINT WARNING * * *
Things that are here:
a +0 spear; a poisoned dart You hit the gnoll but do no damage.
The gnoll hits you with a +0 spear.
* * * LOW HITPOINT WARNING * * *
You slash the gnoll!
The gnoll is severely wounded.
The gnoll hits you with a +0 spear.
You die...

#.# ##.##...##
######.#.... #.# #.###.##
#........... #.# #.# #.#
#.####†#.... #.# #.# #.#
#.###.. #.# #.# #.# #<#
#.. #.# #.# #.# #.# #..
#.# #.###.# ##.# #..
#.####.##.†########.......
... #.......)...)@g.....#
#.# #########.#####.#####
#(# #.# #.# #.# #.# #.#
... #.# #.. #.# #.. #.#
#..# #.# #..#


You could see a gnoll.

Vanquished Creatures
  3 gnolls (D:2)
  2 adders (D:2)
  3 endoplasms
  2 giant cockroaches
  2 ball pythons (D:1)
  3 bats
  4 frilled lizards
  3 kobolds
  2 rats
24 creatures vanquished.

Notes
Turn   | Place    | Note
-------+----------+-------------------------------------------
     0 | D:1      | jagang the Human Monk began the quest for the Orb.
     0 | D:1      | Reached XP level 1. HP: 18/18 MP: 1/1
   157 | D:1      | Reached XP level 2. HP: 23/24 MP: 2/2
   432 | D:1      | Reached skill level 1 in Armour
   991 | D:2      | Found Zaag's Assorted Antiques.
   999 | D:2      | Bought a scroll labelled FORICW LAZOABB for 27 gold pieces
   999 | D:2      | Bought a scroll labelled DUSCHO HUMIDOYM for 27 gold pieces
  1016 | D:2      | Reached XP level 3. HP: 28/29 MP: 3/3
  1150 | D:2      | Reached XP level 4. HP: 8/35 MP: 4/4
  1156 | D:2      | Slain by a gnoll

Illustrated notes

Levels and vault maps discovered:
D:1:      enne_arrival_octagon_isle, layout_loops_ring,
          minmay_stone_trees_large, hangedman_decor_push,
          dreamdust_princess_corridor, grunt_decor_fettered
D:2:      layout_loops_ring, basic_altar, serial_shops, shop

Skill      XL: |  1  2  3 |
---------------+----------+-----
Armour         | 1 2 |  2.3
Fighting       | |  3.5
Long Blades    | |  3.5
Dodging        | |  3.0

Action                     |  1- 3 |  4- 6 || total
---------------------------+-------+-------++-------
  Melee: Falchion          |    62 |     5 ||    67
  Throw: Dart              |     5 |       ||     5
 Armour: Leather armour    |    23 |     1 ||    24
  Dodge: Dodged            |    50 |     6 ||    56
